 Dungeon Crawl Stone Soup version 0.25-a0-719-gde951dce62 (webtiles) character file.

Game seed: 1382311741134831509, levelgen mode: deterministic

295856 Gynju the Warrior (level 20, -2/142 HPs)
             Began as a Gargoyle Fighter on Apr 5, 2020.
             Was the Champion of Okawaru.
             Slain by a yaktaur captain (4 damage)
             ... on level 2 of the Vaults on Apr 6, 2020.
             The game lasted 01:26:41 (47247 turns).

Gynju the Warrior (Gargoyle Fighter)               Turns: 47247, Time: 01:26:42

Health: -2/142     AC: 57    Str: 26      XL:     20   Next: 89%
Magic:  0/25       EV:  7    Int: 20 (21) God:    Okawaru [******]
Gold:   2424       SH: 27    Dex:  6      Spells: 19/19 levels left

rFire    . . .     SeeInvis +   b - +3 demon whip (elec)
rCold    + . .     Gourm    .   T - +4 tower shield
rNeg     + + +     Faith    .   y - +10 plate armour of Restlessness {rN+ rCorr Int+4 Dex-3}
rPois    ∞         Spirit   +   P - +2 hat {MR+}
rElec    +         Reflect  .   O - +2 cloak
rCorr    +         Harm     .   G - +2 pair of gloves of Coilyon {+Blink rF- Int+7 SInv}
MR       ++...                  Z - +2 pair of boots
Stlth    ..........             E - amulet of guardian spirit
HPRegen  0.33/turn              A - ring of protection from fire
MPRegen  0.19/turn              K - ring "Qisusipnay" {rC+ rN+ Slay+3}

@: no status effects
A: big wings, dopey 1, negative energy resistance 1, electricity resistance,
unbreathing, petrification resistance, rot immunity, AC +15
}: 2/15 runes: serpentine, barnacled
a: Fly, Heroism, Finesse, Renounce Religion, Evoke Blink


You were on level 2 of the Vaults.
You worshipped Okawaru.
Okawaru was exalted by your worship.
You were hungry.

You visited 7 branches of the dungeon, and saw 34 of its levels.
You visited 1 bazaar.
You also visited: Sewer.

You collected 3904 gold pieces.
You spent 1480 gold pieces at shops.

Inventory:

Hand Weapons
 a - the +5 fustibalus "Nilutear" {freeze, +Blink Str+2}
   (Okawaru gifted it to you on level 1 of the Lair of Beasts)

   It causes projectiles fired from it to freeze those they strike, causing
   extra injury to most foes and up to half again as much damage against
   particularly susceptible opponents.
   They can also slow down cold-blooded creatures.
   It affects your strength (+2).
   It lets you blink.
 b - a +3 demon whip of electrocution (weapon)
 l - the +10 whip of Popular Demand {vorpal, Str+4}
   (You bought it in a shop on level 5 of the Dungeon)

   It inflicts extra damage upon your enemies.
   It affects your strength (+4).
Missiles
 C - 325 sling bullets
 N - 771 stones (quivered)
Armour
 y - the +10 plate armour of Restlessness (worn) {rN+ rCorr Int+4 Dex-3}
   (You bought it in a shop on level 2 of the Orcish Mines)

   It affects your intelligence (+4).
   It affects your dexterity (-3).
   It protects you from negative energy.
   It provides partial protection from all sources of acid and corrosion.
 G - the +2 pair of gloves of Coilyon (worn) {+Blink rF- Int+7 SInv}
   (Okawaru gifted it to you on level 1 of the Vaults)

   It affects your intelligence (+7).
   It makes you vulnerable to fire.
   It lets you see invisible.
   It lets you blink.
 L - a +2 pair of gloves of archery
 O - a +2 cloak (worn)
 P - a +2 hat of magic resistance (worn)
 T - a +4 tower shield (worn)
 Z - a +2 pair of boots (worn)
Jewellery
 k - a +4 ring of strength
 o - an uncursed ring of protection from cold
 x - an uncursed ring of magical power
 A - a ring of protection from fire (left hand)
 E - an amulet of guardian spirit (around neck)
 K - the ring "Qisusipnay" (right hand) {rC+ rN+ Slay+3}
   (You acquired it on level 7 of the Dungeon)

   [ring of positive energy]

   It affects your accuracy and damage with ranged weapons and melee attacks
   (+3).
   It protects you from cold.
   It protects you from negative energy.
 X - an uncursed ring of protection from magic
Wands
 g - a wand of disintegration (20)
 q - a wand of digging (5)
 z - a wand of flame (28)
 B - a wand of random effects (33)
 H - a wand of clouds (8)
 J - a wand of paralysis (40)
 R - a wand of polymorph (9)
 W - a wand of iceblast (12)
Scrolls
 e - 5 scrolls of fog
 h - 10 scrolls of remove curse {@r2}
 j - 2 scrolls of fear
 p - a scroll of enchant weapon
 r - 17 scrolls of teleportation
 v - 5 scrolls of identify {@r1}
 w - 2 scrolls of blinking
 V - a scroll of amnesia
Potions
 d - 6 potions of might
 i - 5 potions of lignification
 m - a potion of ambrosia
 n - 2 potions of cancellation
 s - 4 potions of stabbing
 t - 5 potions of curing {@q1}
 u - 7 potions of mutation
 D - 7 potions of flight
 I - 2 potions of haste
 Q - a potion of berserk rage
 S - 3 potions of brilliance
 U - 3 potions of heal wounds
 Y - a potion of resistance
Miscellaneous
 c - 2 phantom mirrors
Comestibles
 f - 39 rations


   Skills:
 - Level 20.8 Fighting
 - Level 12.0 Maces & Flails
 - Level 8.0 Slings
 + Level 18.3 Armour
 - Level 20.0 Shields
 - Level 7.0 Invocations
 + Level 7.3 Evocations


You had 19 spell levels left.
You didn't know any spells.
Your spell library contained the following spells:

 Spells                   Type           Power        Failure   Level  Hunger
 Animate Skeleton         Necr           N/A          90%         1    ##.....
 Apportation              Tloc           #.....       90%         1    ##.....
 Beastly Appendage        Tmut           #.....       90%         1    ##.....
 Corona                   Hex            #......      90%         1    ##.....
 Freeze                   Ice            #...         90%         1    ##.....
 Infusion                 Chrm           #...         90%         1    ##.....
 Magic Dart               Conj           #...         90%         1    ##.....
 Shock                    Conj/Air       #...         90%         1    ##.....
 Summon Small Mammal      Summ           #...         90%         1    ##.....
 Blink                    Tloc           N/A          97%         2    ###....
 Call Imp                 Summ           #.......     97%         2    ###....
 Corpse Rot               Necr/Air       N/A          97%         2    ###....
 Shroud of Golubria       Chrm/Tloc      #.....       97%         2    ###....
 Slow                     Hex            #.......     97%         2    ###....
 Song of Slaying          Chrm           #.......     97%         2    ###....
 Sticks to Snakes         Tmut           #.......     97%         2    ###....
 Swiftness                Chrm/Air       #.......     97%         2    ###....
 Confusing Touch          Hex            #.......     99%         3    ####...
 Conjure Flame            Conj/Fire      #.......     99%         3    ####...
 Frozen Ramparts          Ice            #.....       99%         3    ####...
 Gell's Gravitas          Tloc           #.........   99%         3    ####...
 Mephitic Cloud           Conj/Pois/Air  #.......     99%         3    ####...
 Ozocubu's Armour         Chrm/Ice       #.......     99%         3    ####...
 Spectral Weapon          Hex/Chrm       #.......     99%         3    ####...
 Spider Form              Tmut/Pois      #.........   99%         3    ####...
 Static Discharge         Conj/Air       #.......     99%         3    ####...
 Stone Arrow              Conj/Erth      #.....       99%         3    ####...
 Airstrike                Air            #.........   100%        4    #####..
 Dispel Undead            Necr           #.......     100%        4    #####..
 Hailstorm                Conj/Ice       #.......     100%        4    #####..
 Ice Form                 Ice/Tmut       #.......     100%        4    #####..
 Iskenderun's Mystic Bla  Conj/Tloc      #.......     100%        4    #####..
 Petrify                  Tmut/Erth      #.......     100%        4    #####..
 Sticky Flame             Conj/Fire      #.......     100%        4    #####..
 Summon Ice Beast         Ice/Summ       #.......     100%        4    #####..
 Agony                    Necr           #.......     100%        5    ######.
 Blade Hands              Tmut           #.........   100%        5    ######.
 Bolt of Magma            Conj/Fire/Erth #.........   100%        5    ######.
 Excruciating Wounds      Chrm/Necr      #.........   100%        5    ######.
 Irradiate                Conj/Tmut      #.........   100%        5    ######.
 Iskenderun's Battlesphe  Conj/Chrm      #.......     100%        5    ######.
 Lee's Rapid Deconstruct  Erth           #.........   100%        5    ######.
 Lightning Bolt           Conj/Air       #.........   100%        5    ######.
 Metabolic Englaciation   Hex/Ice        #.........   100%        5    ######.
 Summon Forest            Summ/Tloc      #.........   100%        5    ######.
 Yara's Violent Unravell  Hex/Tmut       #.........   100%        5    ######.
 Eringya's Noxious Bog    Tmut/Pois      #.........   100%        6    #######
 Hydra Form               Tmut           #.........   100%        6    #######
 Iron Shot                Conj/Erth      #.........   100%        6    #######
 Orb of Destruction       Conj           #.........   100%        7    #######
 Spellforged Servitor     Conj/Summ      #.........   100%        7    #######
 Summon Hydra             Summ           #.........   100%        7    #######
 Sublimation of Blood     Necr           Unusable     N/A         2    N/A

Dungeon Overview and Level Annotations

Branches:
Dungeon (15/15)            Temple (1/1) D:5            Lair (6/6) D:8
 Shoals (4/4) Lair:2        Snake (4/4) Lair:3        Slime (0/5) Lair:6
    Orc (2/2) D:11            Elf (0/3) Orc:2        Vaults (2/5) D:14
 Depths (0/5) D:15          Sewer (visited)
  Crypt: Vaults:2-3

Altars:
Ashenzari
Cheibriados
Dithmenos
Elyvilon
Fedhas
Gozag
Hepliaklqana
Kikubaaqudgha
Makhleb
Nemelex Xobeh
Okawaru
Qazlal
Ru
Sif Muna
Trog
Uskayaw
Vehumet
Wu Jian
Xom
Yredelemnul
Zin
The Shining One

Shops:
D:5 (   D:10 [   D:14 *   Orc:2 *![}   Shoals:3 ?   Snake:2 }   Vaults:2 [

Annotations:
Lair:5 1 runed translucent door, n0tAlx's ghost, journeyman GrFi
Shoals:2 3 runed translucent doors, Kulegor's ghost, adept SpEn; Uttokecs's ghost, journeyman DrFE
Snake:3 exclusion: downstairs


Innate Abilities, Weirdness & Mutations

You are resistant to torment.
Your stone body is resilient. (AC +15)
You are immune to poison.
Your large and strong wings let you fly indefinitely.
You resist negative energy. (rN+)
You are resistant to electric shocks. (rElec)
You can survive without breathing.
You are immune to petrification.
You are immune to rotting.
You are dopey. (Int -2)


Message History

You whack the deep troll!
The deep troll is heavily wounded.
You block the ironheart preserver's attack.
You block the deep troll's attack.
The deep troll claws you but does no damage.
You block the deep troll's attack. The yaktaur captain closely misses you.
You whack the deep troll!
The deep troll is severely wounded.
You block the ironbrand convoker simulacrum's attack.
You block the ettin's attack. The ettin hits you but does no damage.
You whack the deep troll!
You kill the deep troll!
Okawaru accepts your kill.
The troll leather armour is intact enough to wear.
You block the ironheart preserver's attack.
The yaktaur captain hits you!
* * * LOW HITPOINT WARNING * * *
You block the ironbrand convoker simulacrum's attack.
You block the ettin's attack. x2; The yaktaur captain hits you.
You die...

..# ..# ##...##
..# ..%.. ..#
.$)(. ..# .(.
..# # ... # ..#
##. ##### .##
#######
#...##...##...#
†.....#
#.⌠...Z@c...⌠.#
......#
#...##C)p##...#
.>....# ##
###)### ##
......#
#...#$#)#(#...#
......#
#.⌠...#.#[$.⌠.#
......#
#...#(#.#(#...#
####### ##
###.### ##
##+## #...#


You could see an ironheart preserver, a yaktaur captain, an ettin and an
ironbrand convoker simulacrum.

Vanquished Creatures
  Nikola (Snake:3)
  The ghost of Valinin the Alchemist, an adept DrMo of Elyvilon (Shoals:3)
  Gastronok (Lair:3)
  2 krakens
  Donald (Shoals:4)
  2 tengu reavers (Vaults:2)
  A storm dragon (Vaults:2)
  Agnes (D:14)
  Ilsuiw (Shoals:3)
  9 nagarajas
  2 fire giants
  A frost giant (Vaults:2)
  5 vault wardens
  The ghost of karf the Impaler, a journeyman FoFi of Okawaru (Orc:2)
  3 ironheart preservers
  A stone giant (Orc:2)
  The ghost of Joxaonk the Severer, a journeyman MiBe of Trog (D:14)
  2 entropy weavers (Vaults:2)
  Nessos (Lair:4)
  Snorg (D:11)
  6 merfolk javelineers
  2 ettins
  8 merfolk impalers
  7 ogre magi
  A fire dragon (Lair:6)
  2 great orbs of eyes (Vaults:1)
  26 naga warriors
  2 vault guards (Vaults:2)
  5 yaktaur captains
  Harold (D:10)
  8 hydras
  A rakshasa (D:15)
  5 merfolk aquamancers
  10 centaur warriors
  5 merfolk avatars
  21 two-headed ogres
  3 satyrs
  11 anacondas
  A dancing weapon (Shoals:3)
  An alligator snapping turtle (Shoals:2)
  A deep troll shaman (Vaults:2)
  2 tengu warriors
  3 orc high priests (Orc:2)
  4 deep elf knights
  3 shock serpents
  10 naga sharpshooters
  Sonja (D:11)
  A fire crab (Lair:6)
  A shadow wraith (Vaults:1)
  3 salamander mystics
  3 skeletal warriors (Vaults:2)
  2 wizards
  12 sea snakes
  A glowing orange brain (Vaults:2)
  9 unseen horrors
  4 naga ritualists
  A deep elf archer (Vaults:1)
  4 deep trolls (Vaults:2)
  Pikel (D:6)
  11 mana vipers
  6 ironbrand convokers
  15 orc knights
  2 wolf spiders (Vaults:1)
  24 harpies
  4 deep elf magi
  An oklob plant (Snake:4)
  A lindwurm (Lair:6)
  40 ugly things
  5 orc sorcerers
  6 salamanders
  9 cyclopes
  10 elephants
  11 fauns
  25 black mambas
  10 manticores
  A black mamba (shapeshifter) (Vaults:1)
  Maurice (D:11)
  10 merfolk sirens
  11 guardian serpents
  31 naga magi
  5 water nymphs
  Joseph (D:10)
  2 molten gargoyles (Lair:6)
  12 spiny frogs
  Psyche (D:11)
  6 vault sentinels
  A gargoyle (D:15)
  A spiny frog (shapeshifter) (D:15)
  14 komodo dragons
  2 freezing wraiths (Vaults:2)
  An efreet (D:15)
  7 yaktaurs (Vaults:2)
  3 rime drakes
  2 ice devils (D:12)
  10 trolls
  A komodo dragon (shapeshifter) (D:14)
  38 merfolk
  6 wind drakes
  2 polar bears (shapeshifter)
  Grinder (D:6)
  A queen bee (shapeshifter) (Vaults:1)
  12 blink frogs
  17 slime creatures
  A raiju (shapeshifter) (D:15)
  A hornet (D:14)
  16 snapping turtles
  12 dream sheep
  2 slime creatures (shapeshifter)
  12 hippogriffs
  A redback (Vaults:2)
  A shadow (D:14)
  14 water elementals
  A spriggan (shapeshifter) (D:15)
  A tarantella (Vaults:2)
  64 yaks
  Sigmund (D:2)
  8 wyverns
  3 wraiths
  3 hogs (D:7)
  A vampire (D:12)
  4 steam dragons
  10 basilisks
  A human (D:7)
  4 wargs
  3 hungry ghosts
  A naga (shapeshifter) (D:14)
  59 nagas
  5 acid dragons
  11 water moccasins
  5 hell hounds (Lair:6)
  4 sky beasts
  A hornet zombie (D:15)
  6 porcupines
  An ice beast (D:12)
  An ettin simulacrum (Vaults:1)
  24 orc warriors
  28 ogres
  A slave (D:6)
  3 phantoms
  8 wolves
  3 boggarts (D:15)
  23 centaurs
  8 crocodiles
  A big kobold (D:9)
  16 bullfrogs
  A water moccasin zombie (D:5)
  2 scorpions (D:10)
  17 killer bees (D:9)
  A vampire bat (Orc:1)
  5 wights (D:9)
  2 electric eels (Lair:2)
  8 howler monkeys
  3 centaur zombies
  5 lava snakes (Lair:6)
  12 crimson imps
  3 bullfrog zombies
  A quasit (D:12)
  A wyvern simulacrum (D:15)
  5 hounds
  4 jellies
  3 centaur skeletons
  16 orc priests
  Crazy Yiuf (D:6)
  23 orc wizards
  Jessica (D:2)
  3 bullfrog skeletons
  5 iguanas
  Natasha (thrice) (D:4)
  11 hell rats
  9 worker ants
  A killer bee zombie (D:2)
  4 gnolls (D:10)
  15 adders
  2 river rats (D:6)
  2 shadow imps (D:11)
  An ooze (D:3)
  3 adder skeletons
  2 worms (D:5)
  A dart slug (D:3)
  7 leopard geckos
  69 orcs
  20 bats
  7 giant cockroaches
  14 goblins
  7 hobgoblins
  8 jackals
  6 quokkas
  6 ball pythons
  6 frilled lizards
  12 kobolds
  A leopard gecko skeleton (D:8)
  A quokka skeleton (D:5)
  10 rats
  2 plants (Shoals:4)
  10 tentacles
1345 creatures vanquished.

Vanquished Creatures (others)
  A merfolk javelineer (Shoals:4)
  A two-headed ogre (Vaults:1)
  An ogre mage (Vaults:1)
  A dancing weapon (Vaults:2)
  A sea snake (Shoals:4)
  A guardian serpent (Snake:3)
  A wind drake (Shoals:4)
  5 dream sheep (Lair:4)
  2 ogres (Vaults:1)
  A boggart (D:15)
  An orc wizard (D:7)
  A worker ant (D:14)
  A bush (Lair:4)
  2 fungi (Lair:5)
  10 plants
  40 tentacles
  6 withered plants (Shoals:2)
76 creatures vanquished.

Grand Total: 1421 creatures vanquished

Notes
Turn   | Place    | Note
-------+----------+-------------------------------------------
     0 | D:1      | Gynju the Gargoyle Fighter began the quest for the Orb.
     0 | D:1      | Reached XP level 1. HP: 14/14 MP: 1/1
    65 | D:1      | Reached XP level 2. HP: 12/19 MP: 2/2
   370 | D:1      | Reached XP level 3. HP: 19/23 MP: 3/3
  1103 | D:2      | Reached XP level 4. HP: 23/28 MP: 4/4
  1436 | D:2      | Noticed Sigmund
  1541 | D:2      | Killed Sigmund
  1541 | D:2      | Reached XP level 5. HP: 15/32 MP: 5/5
  1541 | D:2      | Reached XP level 6. HP: 18/37 MP: 6/6
  2345 | D:3      | Found a hazy altar of Hepliaklqana.
  2345 | D:3      | Found a hide-covered altar of Uskayaw.
  2346 | D:3      | Found a shattered altar of Ashenzari.
  2391 | D:3      | Found a shadowy altar of Dithmenos.
  2765 | D:2      | Found an opulent altar of Gozag.
  2765 | D:2      | Noticed Jessica
  2774 | D:2      | Killed Jessica
  2922 | D:4      | Noticed Natasha
  2935 | D:4      | Killed Natasha
  3086 | D:4      | Noticed Natasha
  3101 | D:4      | Killed Natasha
  3101 | D:4      | Reached XP level 7. HP: 35/41 MP: 7/7
  3215 | D:4      | Noticed Natasha
  3228 | D:4      | Killed Natasha
  3236 | D:4      | Paralysed by a crimson imp for 4 turns
  3726 | D:4      | Found a burning altar of Makhleb.
  3727 | D:4      | Found a shimmering altar of Xom.
  3867 | D:4      | Found a bloodstained altar of Trog.
  3888 | D:5      | Entered Level 5 of the Dungeon
  4436 | D:5      | Found a staircase to the Ecumenical Temple.
  4454 | D:5      | Reached XP level 8. HP: 30/46 MP: 8/8
  4468 | Temple   | Entered the Ecumenical Temple
  4750 | Temple   | Became a worshipper of Warmaster Okawaru
  5106 | D:5      | Found Hoit's Antique Weapon Boutique.
  5117 | D:5      | Bought a shimmering whip for 180 gold pieces
  5117 | D:5      | Identified the +10 whip of Popular Demand {vorpal, Str+4}
                  | (You bought it in a shop on level 5 of the Dungeon)
  5377 | D:5      | Found an ancient bone altar of Kikubaaqudgha.
  5496 | D:6      | Reached skill level 10 in Maces & Flails
  5542 | D:6      | Found a runed translucent door.
  5543 | D:6      | Noticed Crazy Yiuf
  5704 | D:6      | Found a sacrificial altar of Ru.
  5735 | D:6      | Noticed Grinder
  5753 | D:5      | Reached * piety under Okawaru
  5931 | D:6      | Found a glowing drain.
  5946 | Sewer    | Entered a sewer
  6452 | D:6      | Killed Grinder
  6602 | D:6      | Reached XP level 9. HP: 41/51 MP: 9/9
  6747 | D:6      | Found a sparkling altar of Nemelex Xobeh.
  6795 | D:6      | Killed Crazy Yiuf
  6941 | D:7      | Reached skill level 1 in Invocations
  6990 | D:7      | Identified a scroll of acquirement
  6990 | D:7      | Identified the ring "Qisusipnay" {rC+ rN+ Slay+3} (You
                  | acquired it on level 7 of the Dungeon)
  7262 | D:7      | Noticed Pikel
  7468 | D:6      | Killed Pikel
  7468 | D:6      | Reached ** piety under Okawaru
  8182 | D:7      | Reached skill level 5 in Invocations
  8202 | D:7      | Reached XP level 10. HP: 43/56 MP: 10/15
  8418 | D:8      | Reached *** piety under Okawaru
  8959 | D:8      | Noticed a two-headed ogre
  8967 | D:8      | Killed a two-headed ogre
  8967 | D:8      | Reached skill level 5 in Shields
  9272 | D:8      | Found a staircase to the Lair.
  9538 | D:9      | Reached skill level 5 in Fighting
  9538 | D:9      | Reached skill level 5 in Armour
  9565 | D:9      | Reached **** piety under Okawaru
 10016 | D:9      | Found a blossoming altar of Fedhas.
 10097 | D:9      | Reached XP level 11. HP: 63/64 MP: 16/16
 10429 | D:10     | Entered Level 10 of the Dungeon
 10435 | D:10     | Reached ***** piety under Okawaru
 10560 | D:10     | Noticed Harold
 10581 | D:10     | Killed Harold
 10590 | D:10     | Noticed a two-headed ogre
 10719 | Lair:1   | Entered Level 1 of the Lair of Beasts
 10817 | Lair:1   | Noticed a six-headed hydra
 10835 | Lair:1   | Killed a six-headed hydra
 11690 | Lair:1   | Noticed a seven-headed hydra
 11697 | Lair:1   | Killed a seven-headed hydra
 11697 | Lair:1   | Reached skill level 10 in Shields
 12075 | Lair:2   | Found a staircase to the Shoals.
 12345 | Lair:1   | Reached XP level 12. HP: 30/73 MP: 6/17
 12572 | Lair:1   | Received a gift from Okawaru
 12592 | Lair:1   | Got a pitted fustibalus {god gift}
 12593 | Lair:1   | Identified the +5 fustibalus "Nilutear" {freeze, +Blink
                  | Str+2} (Okawaru gifted it to you on level 1 of the Lair of
                  | Beasts)
 12800 | Lair:2   | Found an opulent altar of Gozag.
 14337 | Lair:3   | Noticed Gastronok
 14367 | Lair:3   | Killed Gastronok
 14632 | Lair:3   | Reached ****** piety under Okawaru
 14636 | Lair:3   | Received a gift from Okawaru
 14667 | Lair:3   | Found a staircase to the Snake Pit.
 15398 | Lair:4   | Noticed Nessos
 15706 | Lair:4   | Killed Nessos
 15706 | Lair:4   | Reached XP level 13. HP: 74/82 MP: 15/18
 15935 | Lair:4   | Reached skill level 10 in Fighting
 15976 | Lair:4   | Reached skill level 10 in Armour
 16395 | Lair:4   | Found a shimmering altar of Xom.
 16980 | Lair:4   | Received a gift from Okawaru
 17237 | Lair:5   | Reached skill level 1 in Slings
 17555 | Lair:5   | Found a runed translucent door.
 17787 | Lair:5   | Identified the +8 trident of Glory {protect, +Inv Int+3
                  | Stlth+}
 17789 | Lair:5   | Noticed n0tAlx's ghost (journeyman GrFi)
 18122 | Snake:1  | Entered Level 1 of the Snake Pit
 18146 | Snake:1  | Reached skill level 15 in Shields
 18498 | Snake:1  | Reached skill level 5 in Slings
 18761 | Snake:1  | Gained mutation: Your large and strong wings let you fly
                  | indefinitely. [Gargoyle growth]
 18761 | Snake:1  | Reached XP level 14. HP: 88/88 MP: 19/19
 18793 | Snake:1  | Noticed a nagaraja
 18827 | Snake:1  | Killed a nagaraja
 18856 | Snake:1  | Received a gift from Okawaru
 19894 | Snake:2  | Received a gift from Okawaru
 19895 | Snake:2  | Found the +3 sling "Punk" {acid, rCorr}
 20590 | Snake:2  | Found Pyvvot's Gadget Shoppe.
 21569 | Snake:3  | Received a gift from Okawaru
 21736 | Snake:3  | Reached XP level 15. HP: 89/97 MP: 18/20
 22022 | Snake:3  | Noticed Nikola
 22178 | Snake:3  | Killed Nikola
 22178 | Snake:3  | Received a gift from Okawaru
 22181 | Snake:3  | Got a translucent ring mail {god gift}
 22192 | Snake:3  | Identified the +4 ring mail of the Slightly Bent {rPois MR+
                  | Stlth-} (Okawaru gifted it to you on level 3 of the Snake
                  | Pit)
 22993 | Lair:6   | Entered Level 6 of the Lair of Beasts
 23041 | Lair:6   | Found a staircase to the Slime Pits.
 23709 | Lair:6   | Identified the Incunabulum of Dusty Moulding
 23746 | Lair:6   | Received a gift from Okawaru
 24289 | Lair:6   | Found a large runed translucent door.
 24289 | Lair:6   | Found a large runed translucent door.
 24890 | Shoals:1 | Entered Level 1 of the Shoals
 25319 | Shoals:1 | Reached skill level 15 in Fighting
 25427 | Shoals:1 | Reached XP level 16. HP: 105/108 MP: 21/21
 26202 | Shoals:2 | Noticed a kraken
 26993 | Shoals:2 | Received a gift from Okawaru
 27056 | Shoals:2 | Found a runed translucent gate.
 27057 | Shoals:2 | Found a runed translucent gate.
 27057 | Shoals:2 | Noticed Kulegor's ghost (adept SpEn)
 27058 | Shoals:2 | Found a runed translucent gate.
 27058 | Shoals:2 | Noticed Uttokecs's ghost (journeyman DrFE)
 28460 | Shoals:3 | Found Vikh's Magic Scroll Shop.
 28537 | Shoals:3 | Noticed a kraken
 28544 | Shoals:3 | Received a gift from Okawaru
 28886 | Shoals:3 | Got a faintly humming chain mail
 28887 | Shoals:3 | Identified the +2 chain mail of Uskayaw's Grace {rPois
                  | rN+++ Int-5 Stlth+} (You found it on level 3 of the Shoals)
 28997 | Shoals:3 | Found a runed translucent door.
 28997 | Shoals:3 | Found a shimmering altar of Xom.
 28997 | Shoals:3 | Noticed Valinin's ghost (adept DrMo)
 29141 | Shoals:3 | Killed Valinin's ghost
 29154 | Shoals:3 | Upgraded the game from 0.25-a0-713-g4845790874 to
                  | 0.25-a0-719-gde951dce62
 29392 | Snake:4  | Entered Level 4 of the Snake Pit
 29392 | Snake:4  | Found a hazy altar of Hepliaklqana.
 29929 | Snake:4  | Noticed a nagaraja
 29939 | Snake:4  | Killed a nagaraja
 30881 | D:10     | Found Sopparaj's Armour Shoppe.
 30898 | D:10     | Noticed Joseph
 30910 | D:10     | Killed Joseph
 31263 | D:11     | Noticed Maurice
 31277 | D:11     | Killed Maurice
 31277 | D:11     | Reached XP level 17. HP: 116/116 MP: 22/22
 31326 | D:11     | Noticed Psyche
 31333 | D:11     | Killed Psyche
 31491 | D:11     | Found a staircase to the Orcish Mines.
 31538 | D:11     | Noticed Snorg
 31549 | D:11     | Killed Snorg
 32022 | Orc:1    | Entered Level 1 of the Orcish Mines
 32403 | Orc:2    | Entered Level 2 of the Orcish Mines
 32403 | Orc:2    | Found a staircase to the Elven Halls.
 33061 | Orc:2    | Found a runed translucent gate.
 33061 | Orc:2    | Found a runed translucent gate.
 33061 | Orc:2    | Found a runed translucent gate.
 33065 | Orc:2    | Noticed karf's ghost (journeyman FoFi)
 33077 | Orc:2    | Found an iron altar of Okawaru.
 33170 | Orc:2    | Received a gift from Okawaru
 33503 | Orc:2    | Found a bloodstained altar of Trog.
 33995 | Orc:2    | Found Esutras's Gadget Shop.
 33995 | Orc:2    | Found Noynu's General Store.
 34015 | Orc:2    | Found Qunnuk's Armour Shop.
 34015 | Orc:2    | Found Xelaxu's Distillery.
 34023 | Orc:2    | Bought the +10 plate armour of Restlessness {rN+ rCorr
                  | Int+4 Dex-3} for 1102 gold pieces
 34112 | Orc:2    | Killed karf's ghost
 34171 | Orc:2    | Identified the Catalogue of Hurtful Translocation
 34297 | D:12     | Received a gift from Okawaru
 34423 | D:12     | Found a runed translucent door.
 34482 | D:12     | Received a gift from Okawaru
 34584 | D:12     | You fall into a shaft and drop 2 floors!
 34846 | D:14     | Found a runed translucent gate.
 34848 | D:14     | Found a runed translucent gate.
 34848 | D:14     | Found an opulent altar of Gozag.
 34849 | D:14     | Found a runed translucent gate.
 34857 | D:14     | Noticed Joxaonk's ghost (journeyman MiBe)
 34960 | D:14     | Gained mutation: You are dopey. (Int -2) [a shining eye]
 34967 | D:14     | Found a gate to the Vaults.
 35066 | D:14     | Found Doqiucad's Assorted Antiques.
 35127 | D:14     | Found an opulent altar of Gozag.
 35164 | D:14     | Noticed Agnes
 35171 | D:14     | Killed Agnes
 35253 | D:14     | Killed Joxaonk's ghost
 36775 | D:15     | Entered Level 15 of the Dungeon
 36812 | D:15     | Reached XP level 18. HP: 127/127 MP: 23/23
 37186 | D:15     | Found a staircase to the Depths.
 37355 | D:15     | Identified the +1 robe of Meoclokk {*Slow rN+ Slay+2}
 37805 | D:11     | Noticed Sonja
 37815 | D:11     | Killed Sonja
 38195 | Snake:4  | Received a gift from Okawaru
 38453 | Snake:4  | Received a gift from Okawaru
 38804 | Snake:4  | Received a gift from Okawaru
 39569 | Snake:4  | Received a gift from Okawaru
 39751 | Snake:4  | Received a gift from Okawaru
 39782 | Snake:4  | Got a serpentine rune of Zot
 40144 | Shoals:3 | Received a gift from Okawaru
 40146 | Shoals:3 | Noticed Ilsuiw
 40204 | Shoals:3 | Reached XP level 19. HP: 85/136 MP: 9/24
 40337 | Shoals:3 | Killed Ilsuiw
 40740 | Shoals:4 | Entered Level 4 of the Shoals
 41214 | Shoals:4 | Noticed Donald
 41252 | Shoals:4 | Killed Donald
 41261 | Shoals:4 | Identified the +1 scale mail of the Guild-Master {rPois}
 41551 | Shoals:4 | Identified the Handbook of Intimidation
 41967 | Shoals:4 | Got a barnacled rune of Zot
 42496 | Shoals:4 | Reached skill level 15 in Armour
 42510 | Shoals:4 | Received a gift from Okawaru
 43165 | Vaults:1 | Entered Level 1 of the Vaults
 43541 | Vaults:1 | Received a gift from Okawaru
 43851 | Vaults:1 | Received a gift from Okawaru
 43928 | Vaults:1 | Reached XP level 20. HP: 101/142 MP: 21/25
 43963 | Vaults:1 | Got a pair of crude gloves {god gift}
 43974 | Vaults:1 | Identified the +2 pair of gloves of Coilyon {+Blink rF-
                  | Int+7 SInv} (Okawaru gifted it to you on level 1 of the
                  | Vaults)
 44223 | Vaults:1 | Reached skill level 1 in Evocations
 44490 | Vaults:1 | Found a flickering gateway to a bazaar.
 44572 | Bazaar   | Entered a bazaar
 44609 | Bazaar   | Found Zaxitaekh's Armour Shop.
 44623 | Bazaar   | Found Unkinae's Weapon Emporium.
 44638 | Bazaar   | Found Fexkia Gedd's Distillery.
 44658 | Bazaar   | Found Wuluh's Gadget Emporium.
 44694 | Bazaar   | Found Jaoboho Xask's General Store.
 44785 | Bazaar   | Bought 2 potions of heal wounds for 110 gold pieces
 44785 | Bazaar   | Bought a potion of mutation for 88 gold pieces
 45487 | Vaults:2 | Found Zenauteh's Armour Emporium.
 46095 | Vaults:2 | Reached skill level 5 in Evocations
 46123 | Vaults:2 | Paralysed by an ogre mage for 6 turns
 46914 | Vaults:2 | Received a gift from Okawaru
 47218 | Vaults:2 | Found the +8 glaive of the Guard {elec, +Rage AC+5 SInv}
 47246 | Vaults:2 | HP: 2/142 [yaktaur captain (10)]
 47247 | Vaults:2 | Slain by a yaktaur captain

Levels and vault maps discovered:
D:1:      dpeg_arrival_arbitrary_c, layout_basic
D:2:      lemuel_upstairs_altar, layout_loops_ring, uniq_jessica, uniq_sigmund
D:3:      layout_loops_corners, nicolae_dithmenos_shadow_blocks,
          gammafunk_temple_overflow_claw, first_ration
D:4:      layout_rooms, grunt_temple_overflow_champion_of_chaos,
          kennysheep_little_box, minmay_misc_feat_x, uniq_natasha
D:5:      layout_basic, kennysheep_mini_moat, minmay_temple_entry_large_hall,
          serial_shops, shop
D:6:      layout_cave_pools, nicolae_ru_the_path_less_chosen, kennysheep_mini,
          portal_sewer_entry_b, uniq_crazy_yiuf_cottage, uniq_grinder
D:7:      layout_basic, grunt_livestock, uniq_pikel
D:8:      layout_basic, lair_entry_dummy
D:9:      layout_basic, fedhas_altar_1
D:10:     layout_rooms, serial_shops, shop_statue,
          ebering_dispersal_statue_hall, uniq_harold, uniq_joseph
D:11:     layout_basic, david_orc_3, uniq_sonja, uniq_snorg, uniq_maurice,
          uniq_psyche
D:12:     layout_loops_cross, portal_ice_cave_demonic_guard, minivault_13
D:13:     layout_loops_ring
D:14:     wad_woods_tower, layout_irregular_city, david_vaults_2,
          nicolae_gozag_seed_capital, ebering_ghost_gozag, uniq_agnes
D:15:     gammafunk_enter_depths_forms, layout_basic, minmay_misc_feat_tiny,
          minivault_19
Temple:   chequers_temple_sunken
Lair:1:   layout_cave_pods, serial_forest, infiniplex_forest_clump_long,
          infiniplex_forest_corner_1, infiniplex_forest_straight_4,
          infiniplex_forest_lined_3_way, infiniplex_forest_end_2,
          infiniplex_forest_straight_2, infiniplex_forest_straight_2,
          infiniplex_forest_clump_tiny, infiniplex_forest_clump_small
Lair:2:   layout_long_grid, minmay_shoals_entry_centaurs, basic_altar,
          beast_lair_carwin_8, serial_bayou_shore_a
Lair:3:   layout_regular_city, minmay_snake_entry_guardpost_medium,
          grunt_megastairs_4, uniq_gastronok
Lair:4:   layout_roguey, kb_xom_exploding_sheep, lemuel_fruit_tree,
          grunt_megastairs_2, uniq_nessos
Lair:5:   layout_gridlike, ebering_ghost_funeral_grove,
          kennysheep_basilisk_garden, serial_bayou_shore_b, grunt_megastairs_5
Lair:6:   cheibrodos_lair_end_hotspot, layout_regular_city,
          minmay_slime_entry_pillars, hangedman_lair_unloving_vines,
          chequers_serial_rivers_marsh, serial_bayou_ford_a
Shoals:1: layout_shoals
Shoals:2: cheibrodos_shoals_baths, layout_shoals, gammafunk_ghost_cemetery,
          abandoned_shop
Shoals:3: layout_shoals, ebering_ghost_xom, serial_shops, shop, uniq_ilsuiw
Shoals:4: shoals_end_hangedman, layout_shoals, shoals_ilsuiw_ice,
          nicolae_shoals_isolated_beach, uniq_donald
Snake:1:  layout_grid_maze, drop_trap, guppyfry_library_mini
Snake:2:  layout_chambers, serial_shops, shop
Snake:3:  layout_onion, uniq_nikola
Snake:4:  grunt_snake_rune_pools, layout_onion_interference, drop_trap,
          eino_curves_04, grunt_ministairs_1, lemuel_oklob_altar
Orc:1:    layout_diamond_mine, roderic_batcave, mines4_lemuel
Orc:2:    grunt_orc_tribal_feast, layout_diamond_mine,
          gammafunk_ghost_fury_of_okawaru, bloody_trog
Vaults:1: ontoclasm_vaults_chip, vaults_mumra_minichess, vaults_mumra_lcd,
          hangedman_vaults_stagger, v_alt_pattern_5, hangedman_vaults_trim,
          v_misc_23, v_misc_14, vaults_room_ringed_pool, v_misc_13,
          nicolae_vaults_twisting_passages, nicolae_vaults_angled_halls,
          layout_vaults_omnicross, serial_shops, freezing_bzr
Vaults:2: hangedman_vaults_impose, v_misc_23, hangedman_vaults_variations,
          nicolae_vaults_hallways_thing, v_misc_23,
          minmay_guarded_unrand_guard_vaults, v_misc_19, hangedman_vaults_snaps,
          nicolae_vaults_rhombus_6, vaults_mumra_chevron_long,
          hangedman_vaults_restitches, layout_vaults_maze_snakey, serial_shops,
          shop_coins

Skill      XL: |  1  2  3  4  5  6  7  8  9 10 11 12 13 14 15 16 17 18 19 20 |
---------------+-------------------------------------------------------------+-----
Maces & Flails | 3 4 6 7 9 11 12 | 12.0
Invocations    | 7 |  7.0
Shields        | 7 10 12 15 17 18 20 | 20.0
Fighting       | 5 8 9 10 12 15 16 18 20 | 20.8
Armour         | 5 7 9 10 12 16 18 | 18.3
Slings         | 5 8 |  8.0
Evocations     | 7 |  7.3

Action                   |  1- 3 |  4- 6 |  7- 9 | 10-12 | 13-15 | 16-18 | 19-21 || total
-------------------------+-------+-------+-------+-------+-------+-------+-------++-------
Melee: Flail             |   167 |   166 |   155 |       |       |       |       ||   488
       Whip              |       |       |   211 |   629 |  1487 |  1065 |       ||  3392
       Demon whip        |       |       |       |       |       |  1333 |  1658 ||  2991
 Fire: Fustibalus        |       |       |       |       |       |    36 |    50 ||    86
Invok: Heroism           |       |       |       |     5 |     4 |    10 |     3 ||    22
       Finesse           |       |       |       |     3 |       |     7 |     2 ||    12
 Abil: Fly               |       |       |       |       |     2 |       |     3 ||     5
       Stop Flying       |       |       |       |       |     1 |     1 |     3 ||     5
  Use: Potion            |       |     1 |       |     2 |       |     3 |     5 ||    11
       Scroll            |       |       |    12 |     9 |    15 |    13 |     3 ||    52
 Stab: Invisible         |       |       |     1 |       |       |       |     3 ||     4
  Eat: Chunk             |     1 |     7 |    13 |    22 |    22 |    32 |    16 ||   113
       Ration            |       |       |     1 |     1 |     3 |     5 |     2 ||    12
Armor: Scale mail        |    95 |    85 |   128 |       |       |       |       ||   308
       Chain mail        |       |       |    30 |   176 |   299 |       |       ||   505
       Ring mail         |       |       |       |       |   121 |   377 |       ||   498
       Plate armour      |       |       |       |       |       |   410 |   731 ||  1141
Dodge: Dodged            |    59 |    48 |    80 |   115 |   179 |   284 |   237 ||  1002
Block: Kite shield       |    98 |    64 |   203 |   290 |   324 |       |       ||   979
       Tower shield      |       |       |       |       |   640 |  2392 |  1588 ||  4620

Table legend:
 A = Non-vault XP
 B = Vault XP
 C = Vault XP percentage of total XP
 D = Non-vault monster count
 E = Vault monster count
 F = Vault count percentage of total count
                 A         B        C        D         E       F
            +---------+---------+-------+---------+---------+-------
      Total |  292361 |  189779 |  39.4 |     962 |     374 |  28.0
            +---------+---------+-------+---------+---------+-------
        D:1 |      41 |       0 |   0.0 |      25 |       0 |   0.0
        D:2 |     111 |     249 |  69.2 |      23 |       2 |   8.0
        D:3 |      92 |       0 |   0.0 |      16 |       0 |   0.0
        D:4 |     248 |      83 |  25.1 |       8 |       2 |  20.0
        D:5 |     837 |       0 |   0.0 |      23 |       0 |   0.0
        D:6 |     598 |    1006 |  62.7 |      18 |       8 |  30.8
        D:7 |     407 |    1004 |  71.2 |       9 |       5 |  35.7
        D:8 |    1778 |       0 |   0.0 |      20 |       0 |   0.0
        D:9 |    3764 |       0 |   0.0 |      54 |       0 |   0.0
       D:10 |    4781 |    1410 |  22.8 |      26 |       2 |   7.1
       D:11 |    3174 |    3090 |  49.3 |      23 |       9 |  28.1
       D:12 |    5543 |    5988 |  51.9 |      33 |       9 |  21.4
       D:13 |    4639 |       0 |   0.0 |      21 |       0 |   0.0
       D:14 |    7954 |    8991 |  53.1 |      22 |      16 |  42.1
       D:15 |    9486 |    3558 |  27.3 |      25 |      11 |  30.6
     Lair:1 |    6032 |    1860 |  23.6 |      16 |       5 |  23.8
     Lair:2 |    2751 |     922 |  25.1 |      13 |       6 |  31.6
     Lair:3 |    2649 |    4559 |  63.2 |      18 |      13 |  41.9
     Lair:4 |    8137 |    1548 |  16.0 |      25 |       3 |  10.7
     Lair:5 |    6270 |    1097 |  14.9 |      22 |       6 |  21.4
     Lair:6 |   14512 |    8174 |  36.0 |      51 |      32 |  38.6
   Shoals:1 |    9422 |       0 |   0.0 |      25 |       0 |   0.0
   Shoals:2 |   18963 |    2411 |  11.3 |      38 |       7 |  15.6
   Shoals:3 |   13647 |    9440 |  40.9 |      27 |       8 |  22.9
   Shoals:4 |   20303 |   21353 |  51.3 |      49 |      30 |  38.0
    Snake:1 |    8498 |    4977 |  36.9 |      21 |       9 |  30.0
    Snake:2 |   17420 |       0 |   0.0 |      32 |       0 |   0.0
    Snake:3 |   27212 |    5343 |  16.4 |      49 |       3 |   5.8
    Snake:4 |   15620 |   43045 |  73.4 |      34 |      60 |  63.8
      Orc:1 |    2785 |    1861 |  40.1 |      35 |      15 |  30.0
      Orc:2 |    3218 |   15671 |  83.0 |      35 |      38 |  52.1
   Vaults:1 |   30320 |   20300 |  40.1 |      64 |      33 |  34.0
   Vaults:2 |   41149 |   21808 |  34.6 |      62 |      23 |  27.1
      Sewer |       0 |      31 | 100.0 |       0 |      19 | 100.0
            +---------+---------+-------+---------+---------+-------
